Map: Glittering Ashes LE

Players

llllllllllll - Winner!

  • Race: Protoss Protoss
  • League: Master
  • Spawn Location: 1:00

llllllllllll

  • Race: Zerg Zerg
  • League: Diamond
  • Spawn Location: 7:00

VOD

Have the link to the VOD?

Description

Time

  • Played on: March 11, 2022, 12:43 p.m.
  • Length: 8:57
Show
View Real Time Build Order
Export as new Build Order

llllllllllll Protoss - Winner!

Build Orders:  

Get SALT Encoding   

  12  0:00  Probe  
  13  0:12  Probe  
  14  0:17  Pylon  
  14  0:25  Probe  
  15  0:37  Probe, Gateway  
  16  0:51  Forge  
  16  0:53  Probe  
  17  1:05  Probe  
  17  1:07  Assimilator  
  18  1:17  Pylon  
  19  1:28  Pylon  
  19  1:30  Pylon  
  19  1:31  Pylon  
  18  1:37  Photon Cannon  
  18  1:41  Pylon  
  18  1:47  Photon Cannon  
  18  2:00  Photon Cannon  
  18  2:04  Pylon  
  18  2:07  Pylon  
  18  2:11  Probe  
  18  2:23  Probe  
  18  2:27  Cybernetics Core  
  19  2:35  Probe  
  20  2:41  Nexus  
  20  2:42  Assimilator  
  20  2:47  Probe  
  20  2:50  Pylon  
  21  2:59  Probe  
  21  3:01  Adept (Chrono Boost)  
  24  3:12  Probe  
  25  3:15  Pylon  
  25  3:23  Adept (Chrono Boost)  
  25  3:24  Probe  
  28  3:28  Pylon  
  28  3:36  Probe  
  28  3:40  Warp Gate  
  29  3:47  Stargate  
  29  3:48  Probe  
  30  3:52  Adept (Chrono Boost)  
  30  3:53  Probe  
  33  4:00  Probe  
  34  4:05  Probe, Gateway  
  35  4:12  Probe  
  36  4:21  Stargate  
  37  4:26  Shield Battery  
  36  4:32  Gateway  
  40  4:38  Pylon  
  40  4:43  Pylon  
  40  4:48  Void Ray (Chrono Boost)  
  40  4:51  Pylon  
  40  4:57  Gateway  
  40  5:05  Void Ray (Chrono Boost)  
  44  5:08  Probe x2  
  46  5:20  Probe x2  
  48  5:24  Pylon  
  48  5:32  Probe x2  
  54  5:41  Pylon  
  54  5:42  Void Ray (Chrono Boost)  
  54  5:44  Probe x2  
  56  5:51  Assimilator x2  
  56  5:54  Void Ray (Chrono Boost)  
  56  5:56  Probe x2  
  62  6:08  Probe  
  62  6:09  Probe  
  62  6:11  Nexus  
  64  6:14  Pylon  
  64  6:20  Probe  
  64  6:23  Void Ray (Chrono Boost)  
  64  6:24  Probe  
  70  6:28  Pylon  
  70  6:31  Shield Battery  
  70  6:33  Probe  
  70  6:36  Probe  
  70  6:37  Shield Battery  
  70  6:38  Void Ray (Chrono Boost)  
  72  6:45  Probe  
  77  6:49  Probe  
  78  6:54  Void Ray (Chrono Boost)  
  78  6:57  Probe  
  83  7:01  Probe, Photon Cannon  
  83  7:04  Photon Cannon  
  83  7:06  Photon Cannon  
  84  7:11  Void Ray  
  88  7:17  Photon Cannon  
  88  7:23  Probe x2  
  88  7:24  Probe  
  91  7:30  Photon Cannon  
  91  7:35  Probe  
  91  7:36  Probe x2  
  94  7:42  Photon Cannon x2  
  94  7:47  Probe  
  94  7:48  Void Ray (Chrono Boost)  
  94  7:49  Void Ray (Chrono Boost)  
  99  7:54  Probe x2  
  105  8:03  Probe  
  106  8:06  Probe x2  
  106  8:07  Pylon  
  106  8:10  Pylon  
  106  8:11  Robotics Facility  
  108  8:15  Probe  
  108  8:19  Assimilator x2  
  109  8:25  Probe x2  
  112  8:27  Probe  
  120  8:51  Fleet Beacon, Stargate  
Show
View Real Time Build Order
Export as new Build Order

llllllllllll Zerg 

Build Orders: Pool First 

Get SALT Encoding   

  12  0:00  Drone  
  13  0:12  Overlord  
  13  0:17  Drone  
  14  0:31  Drone x2  
  16  0:41  Spawning Pool  
  15  0:44  Drone  
  15  0:48  Drone  
  17  1:09  Hatchery  
  16  1:11  Drone  
  17  1:36  Zergling x6  
  20  1:50  Zergling x2  
  21  1:54  Queen  
  21  1:55  Extractor  
  20  2:20  Queen  
  22  2:23  Drone x2  
  22  2:24  Drone x2  
  26  2:34  Queen  
  28  2:47  Overlord x2  
  28  3:03  Overlord  
  28  3:05  Queen  
  28  3:07  Zergling x4  
  28  3:10  Zergling x2  
  33  3:15  Metabolic Boost  
  33  3:21  Zergling x4  
  35  3:33  Drone x4  
  39  3:52  Drone  
  39  3:54  Drone  
  41  3:56  Drone  
  41  3:57  Hatchery  
  41  4:02  Queen  
  43  4:12  Drone x4  
  47  4:22  Drone x4  
  51  4:28  Drone x2  
  51  4:39  Drone  
  50  4:51  Roach Warren  
  50  4:52  Lair  
  49  4:56  Extractor  
  49  4:57  Extractor  
  49  4:58  Drone x5  
  52  5:04  Overlord  
  52  5:13  Overlord x3  
  52  5:21  Queen  
  52  5:22  Queen  
  52  5:27  Spore Crawler x2, Drone  
  55  5:28  Drone  
  55  5:30  Drone x2  
  58  5:42  Overlord  
  58  5:43  Drone x6  
  64  5:53  Spire  
  64  5:56  Drone  
  64  5:57  Drone x2, Extractor  
  66  6:01  Queen  
  67  6:14  Overlord  
  67  6:17  Drone x3  
  67  6:18  Drone x2, Extractor  
  72  6:19  Extractor  
  70  6:28  Drone x3  
  72  6:40  Drone x5  
  72  6:41  Spore Crawler, Drone x3  
  77  6:52  Queen  
  79  6:55  Drone x3  
  79  6:57  Queen  
  79  7:01  Overlord x2  
  84  7:15  Drone  
  85  7:16  Baneling Nest  
  84  7:23  Mutalisk x6  
  84  7:26  Mutalisk  
  84  7:29  Mutalisk x3  
  98  7:33  Overlord  
  98  7:34  Lair  
  104  7:44  Hatchery  
  104  7:48  Overlord  
  103  8:02  Mutalisk x2  
  103  8:04  Overlord x2  
  107  8:08  Mutalisk x2  
  111  8:14  Hatchery  
  111  8:19  Overlord  
  110  8:26  Mutalisk x4  
  118  8:45  Hatchery  
Tags
 
Add a new tag
Caveats
  • Supply blocks, unpowered buildings, or Contaminate may cause inaccurate times.
  • Supply counts are checked every 10 seconds.